 Dungeon Crawl Stone Soup version 0.17.1-3-g152610e (webtiles) character file.

209027 moxian the Eclecticist (level 18, -8/111 HPs)
             Began as a Deep Elf Fire Elementalist on May 1, 2016.
             Was the Champion of Sif Muna.
             Killed from afar by a shock serpent (22 damage)
             ... with a bolt of electricity
             ... on level 1 of the Snake Pit.
             The game lasted 05:16:05 (49483 turns).

moxian the Eclecticist (DEFE)                      Turns: 49483, Time: 05:16:05

Health: -8/111     AC:  9    Str:  4    XL:     18   Next: 14%
Magic:  37/51      EV: 21    Int: 33    God:    Sif Muna [******]
Gold:   3291       SH:  0    Dex: 15    Spells: 13 memorised, 6 levels left

rFire  + . .     SeeInvis +     a - staff of fire
rCold  + + +     Clarity  +     Y - +1 robe {MR+}
rNeg   . . .     SustAt   .     (no shield)
rPois  +         Gourm    .     v - +2 helmet {Int+3}
rElec  .         Spirit   .     A - +0 cloak
rCorr  .         Warding  .     (no gloves)
rMut   .         Stasis   .     M - +1 pair of boots
MR     ++...                    u - amulet of regeneration
Stlth  +++.......               L - ring of Scepticism {rC+++ Str-2 Int+2 SInv Stlth+}
                                o - ring of magical power

@: very resistant to hostile enchantments, fairly stealthy
A: clarity, poison resistance
a: Channel Energy, Forget Spell, Renounce Religion
}: 1/15 runes: decaying


You were on level 1 of the Snake Pit.
You worshipped Sif Muna.
Sif Muna was exalted by your worship.
You were not hungry.

You visited 5 branches of the dungeon, and saw 32 of its levels.
You also visited: Sewer and Ice Cave.

You collected 3711 gold pieces.
You spent 420 gold pieces at shops.

Inventory:

Hand Weapons
 b - the +6 spear of Greed {pierce, MR+}
   (You found it on level 2 of the Lair of Beasts)

   It inflicts extra damage upon your enemies.
   It affects your resistance to hostile enchantments.
Missiles
 h - 2 throwing nets (quivered)
Armour
 v - a +2 helmet of intelligence (worn)
 A - a +0 cloak (worn)
 G - the +3 pair of gauntlets of War {Slay+5}
   (You found it on level 1 of the Swamp)

   It affects your accuracy and damage with ranged weapons and melee attacks
   (+5).
 M - a +1 pair of boots (worn)
 Y - a +1 robe of magic resistance (worn)
Magical Staves
 a - an uncursed staff of fire (weapon)
Jewellery
 o - a ring of magical power (left hand)
 u - an amulet of regeneration (around neck)
 x - an uncursed ring of positive energy
 L - the ring of Scepticism (right hand) {rC+++ Str-2 Int+2 SInv Stlth+}
   (You found it on level 6 of the Lair of Beasts)

   [ring of see invisible]

   It affects your strength (-2).
   It affects your intelligence (+2).
   It renders you almost immune to cold.
   It lets you see invisible.
   It makes you more stealthy.
 T - an uncursed amulet of warding
 U - an uncursed ring of teleportation
Wands
 D - a wand of fireball (4)
 H - a wand of polymorph (13)
 Q - a wand of enslavement (18)
 S - a wand of disintegration (9)
 V - a wand of hasting (1)
Scrolls
 d - 6 scrolls of magic mapping
 j - 17 scrolls of remove curse
 k - 8 scrolls of teleportation
 n - a scroll of silence
 r - a scroll of summoning {unknown}
 s - 2 scrolls of immolation {unknown}
 t - 6 scrolls of fear
 w - 7 scrolls of fog
 E - 2 scrolls of enchant armour
 N - a scroll of vulnerability {unknown}
 O - 6 scrolls of blinking {unknown}
 R - 5 scrolls of recharging {unknown}
 Z - 3 scrolls of enchant weapon {unknown}
Potions
 e - 3 potions of heal wounds
 f - 5 potions of magic
 g - 6 potions of agility
 l - 2 potions of cure mutation
 p - 3 potions of haste
 B - 13 potions of curing
 C - 3 potions of brilliance
 P - a potion of invisibility
 W - 2 potions of degeneration {unknown}
Miscellaneous
 m - a box of beasts
 y - a phial of floods
 J - a crystal ball of energy
Comestibles
 c - 22 bread rations
 i - 19 fruits
 q - 13 meat rations
 z - 13 beef jerkies
 F - 6 royal jellies


   Skills:
 + Level 11.7 Fighting
 + Level 14.2 Dodging
 - Level 2.4 Stealth
 * Level 18.1 Spellcasting
 - Level 13.9 Conjurations
 - Level 14.4 Fire Magic
 - Level 8.0 Air Magic
 * Level 10.9 Earth Magic
 + Level 8.9 Invocations
 + Level 6.9 Evocations


You had 6 spell levels left.
You knew the following spells:

 Your Spells              Type           Power        Failure   Level  Hunger
a - Flame Tongue          Conj/Fire      #####        0%          1    None
b - Throw Flame           Conj/Fire      ######       0%          2    None
c - Stone Arrow           Conj/Erth      ######       1%          3    None
d - Sticky Flame          Conj/Fire      ########     1%          4    None
e - Fireball              Conj/Fire      ########..   1%          5    None
f - Delayed Fireball      Conj/Fire      N/A          3%          7    ###....
g - Inner Flame           Hex/Fire       #######.     1%          3    None
h - Conjure Flame         Conj/Fire      ########     0%          3    None
i - Lightning Bolt        Conj/Air       #######...   1%          5    None
j - Summon Butterflies    Summ           ####....     1%          1    None
k - Iron Shot             Conj/Erth      #######...   1%          6    None
l - Orb of Destruction    Conj           #######...   4%          7    ###....
A - Iskenderun's Battles  Conj/Chrm      ######..     1%          5    None


Dungeon Overview and Level Annotations

Branches:
Dungeon (15/15) Lair (8/8) D:8 Swamp (4/4) Lair:3 Snake (1/4) Lair:6 Slime (0/6) Lair:6 Orc (4/4) D:9 Elf (0/3) Orc:4 Vaults (0/5) D:12 D:13 Depths (0/5) D:15 Temple: D:4-7

Altars:
Gozag
Makhleb
Nemelex Xobeh
Okawaru
Qazlal
Sif Muna
Trog
Xom
Zin
Beogh

Shops:
D:6 **:%   D:7 =   D:8 *   D:11 [   Orc:4 =:?(


Innate Abilities, Weirdness & Mutations

You possess an exceptional clarity of mind.
Your system is resistant to poisons.


Message History

* * * LOW HITPOINT WARNING * * *
A salamander comes into view. It is wielding a halberd.
Read which item? (? for menu, Esc to quit)
As you read the scroll of fear, it crumbles to dust.
You assume a fearsome visage.
The mana viper looks frightened!
The salamander looks frightened!
The salamander moves out of view.
Drink which item? (? for menu, Esc to quit)
Okay, then.
You channel some magical energy.
You feel somewhat more hungry.
A shock serpent comes into view.
A black mamba and a naga ritualist come into view.
The naga ritualist spits poison at you. The splash of poison misses you.
Drink which item? (? for menu, Esc to quit)
Magic courses through your body.
The shock serpent hisses angrily.
Cornered, the mana viper turns to fight!
The shock serpent shoots out a bolt of lightning at you!
The bolt of electricity hits you!
You die...

......#.....#.####...........#..#
##....#....#### ######..>....##
#....#...## ###### ##........##
##.....###.##....####......)...#
#.....## #.....................
#.....######....................
########.......S#.##...#####.##.
...###^..####.### ##.#.
........@##.### .#.
.#####......### .#. #........#
##S #.S..##...## #. #...### ####
.. .../.N ... ....). .... .##S..
..... ### ......


You could see a naga ritualist, a shock serpent, a mana viper and a black mamba.

Vanquished Creatures
  the Lernaean hydra (Swamp:4)
  Rupert (D:13)
  2 thorn hunters
  Kirke (Swamp:2)
  Roxanne (D:15)
  Donald (D:13)
  A very ugly thing (Swamp:3)
  The ghost of pedritolo the Grappler, a journeyman VSTm of Cheibriados (Lair:8)
  2 fire dragons
  Fannar (Orc:1)
  3 ice dragons
  34 hydras
  Erica (D:9)
  2 ghost crabs
  13 alligators
  2 centaur warriors
  A catoblepas (Lair:5)
  24 death yaks
  3 tengu warriors
  An anaconda (Snake:1)
  A naga sharpshooter (Snake:1)
  7 orc high priests
  A shock serpent (Snake:1)
  6 spriggans
  5 skeletal warriors
  A fire crab (Lair:7)
  2 spriggan druids
  8 hill giants
  A naga ritualist (Snake:1)
  3 unseen horrors
  A lindwurm (Lair:7)
  Pikel (D:9)
  5 shambling mangroves
  10 orc knights
  3 mana vipers (Snake:1)
  9 swamp dragons
  An oklob plant (Lair:5)
  2 cyclopes (D:15)
  4 orc sorcerers
  3 griffons
  5 hornets
  10 ugly things
  A hornet (shapeshifter) (D:15)
  A manticore (D:15)
  24 elephants
  A naga mage (Snake:1)
  Joseph (D:9)
  2 ice statues (IceCv)
  15 black mambas
  2 gargoyles
  6 centaur zombies
  21 spiny frogs
  13 komodo dragons
  2 molten gargoyles (Lair:6)
  An efreet (D:13)
  4 fire drakes
  A tengu conjurer (D:15)
  4 trolls
  9 polar bears
  4 kobold demonologists
  A freezing wraith (D:14)
  4 giant leeches
  A merfolk (D:11)
  Prince Ribbit (D:8)
  11 bog bodies
  A boulder beetle (Orc:3)
  2 two-headed ogres
  3 raiju (Lair:8)
  25 slime creatures
  24 blink frogs
  4 wyverns
  A spriggan (shapeshifter) (D:14)
  5 shadows
  4 hogs (Swamp:2)
  A wraith (D:9)
  2 deep elf fighters
  3 steam dragons (Lair:8)
  16 humans
  A hungry ghost (D:4)
  22 vampire mosquitoes
  The ghost of Charly the Cleaver, an amateur HOGl of Makhleb (D:9)
  8 hippogriffs
  58 yaks
  8 basilisks
  3 deep elf magi
  26 wolves
  13 insubstantial wisps
  28 wargs
  3 mottled dragons
  2 nagas (Snake:1)
  13 water moccasins
  3 hell hounds (Lair:8)
  A phantom (D:7)
  4 sky beasts
  24 swamp worms
  Duvessa (D:6)
  15 ice beasts (IceCv)
  32 orc warriors
  20 swamp drakes
  7 wasps
  15 porcupines
  12 black bears (Lair:8)
  A necrophage (D:10)
  3 slaves (D:9)
  24 crocodiles
  5 ogres
  4 eyes of draining
  10 centaurs
  4 big kobolds
  24 giant frogs
  A water moccasin zombie (D:9)
  Dowan (D:6)
  3 killer bees (D:9)
  2 wyvern skeletons
  6 scorpions
  An electric eel (Lair:3)
  11 wights
  A giant frog zombie (D:5)
  A wasp zombie (D:7)
  4 crimson imps
  39 orc priests
  17 hounds
  2 jellies
  5 lava snakes (Lair:6)
  5 centaur skeletons
  25 orc wizards
  2 quasits
  13 iguanas
  9 worker ants
  4 hell rats (D:6)
  A killer bee zombie (D:9)
  8 sheep
  A hound skeleton (D:10)
  A hound zombie (D:8)
  2 worker ant zombies
  Robin (D:4)
  13 adders
  12 gnolls
  45 river rats
  5 shadow imps
  12 white imps (Lair:2)
  2 oozes
  An adder skeleton (D:5)
  2 adder zombies (D:7)
  A worm (D:2)
  181 orcs
  16 ball pythons
  10 bats
  17 goblins
  11 hobgoblins
  12 jackals
  2 quokkas
  A ball python skeleton (D:4)
  6 giant cockroaches
  9 giant geckos
  A giant gecko skeleton (D:4)
  9 giant newts
  23 kobolds
  A quokka skeleton (D:6)
  2 quokka zombies (D:5)
  55 rats
  A bush (Lair:1)
  3 fungi
  17 plants
1437 creatures vanquished.

Vanquished Creatures (others)
  A killer bee (D:9)
  An orc (Orc:3)
  2 bushes
  62 fungi
  50 plants
116 creatures vanquished.

Grand Total: 1553 creatures vanquished

Notes
Turn   | Place    | Note
--------------------------------------------------------------
     0 | D:1      | moxian the Deep Elf Fire Elementalist began the quest for the Orb.
     0 | D:1      | Reached XP level 1. HP: 10/10 MP: 6/6
   192 | D:1      | Reached XP level 2. HP: 15/15 MP: 5/8
   826 | D:2      | Reached XP level 3. HP: 19/19 MP: 6/10
   830 | D:2      | Learned a level 2 spell: Throw Flame
   834 | D:2      | Learned a level 3 spell: Conjure Flame
  1080 | D:2      | Found an iron altar of Okawaru.
  1135 | D:2      | Found a stormy altar of Qazlal.
  1173 | D:2      | Found a sparkling altar of Nemelex Xobeh.
  1185 | D:2      | Reached skill level 4 in Fire Magic
  1200 | D:2      | Reached XP level 4. HP: 18/24 MP: 7/11
  1824 | D:3      | Reached XP level 5. HP: 28/28 MP: 5/13
  2139 | D:4      | Noticed Robin
  2142 | D:4      | Killed Robin
  2729 | D:4      | Noticed a hungry ghost
  2735 | D:4      | Killed a hungry ghost
  2735 | D:4      | Reached skill level 5 in Spellcasting
  2735 | D:4      | Reached XP level 6. HP: 32/32 MP: 9/15
  2741 | D:4      | Reached skill level 5 in Fire Magic
  3253 | D:5      | Entered Level 5 of the Dungeon
  3440 | D:5      | Reached skill level 5 in Dodging
  3440 | D:5      | Reached XP level 7. HP: 32/36 MP: 13/17
  3610 | D:5      | Found a shimmering altar of Xom.
  3635 | D:5      | Reached skill level 6 in Spellcasting
  3714 | D:5      | Found a deep blue altar of Sif Muna.
  3722 | D:5      | Became a worshipper of Sif Muna the Loreminder
  3940 | D:5      | Learned a level 4 spell: Sticky Flame
  3946 | D:5      | Learned a level 5 spell: Fireball
  4141 | D:6      | Found Tydyh Sir's Assorted Antiques.
  4170 | D:6      | Bought 2 scrolls of identify for 88 gold pieces
  4248 | D:6      | Noticed Dowan
  4294 | D:6      | Reached skill level 5 in Conjurations
  4303 | D:6      | Found a glowing drain.
  4307 | Sewer    | Entered a sewer
  4688 | Sewer    | Reached XP level 8. HP: 37/41 MP: 4/20
  4770 | Sewer    | Reached * piety under Sif Muna
  4808 | Sewer    | Reached skill level 7 in Spellcasting
  4929 | D:6      | Found a burning altar of Makhleb.
  4959 | D:6      | Found Zuchiong's Book Boutique.
  4994 | D:6      | Found Asul's Assorted Antiques.
  5002 | D:6      | Bought a scroll labeled FIKLEJ QITE for 25 gold pieces
  5002 | D:6      | Bought a dented silver amulet for 125 gold pieces
  5377 | D:6      | Reached skill level 8 in Spellcasting
  5611 | D:6      | Found Paeddaca's Food Boutique.
  5708 | D:6      | Found Jeps's Gadget Boutique.
  5711 | D:6      | Noticed Duvessa
  5714 | D:6      | Killed Dowan
  5898 | D:6      | Killed Duvessa
  5898 | D:6      | Reached ** piety under Sif Muna
  5947 | D:7      | Found a shimmering altar of Xom.
  6146 | D:7      | Found Leheneest's Jewellery Shoppe.
  6203 | D:7      | Reached XP level 9. HP: 43/45 MP: 8/23
  6346 | D:7      | Reached skill level 9 in Spellcasting
  6527 | D:7      | Reached *** piety under Sif Muna
  7024 | D:7      | Reached skill level 10 in Spellcasting
  7136 | D:7      | Noticed an orc knight
  7163 | D:7      | Killed an orc knight
  7330 | D:7      | Reached XP level 10. HP: 27/50 MP: 18/26
  7331 | D:7      | Noticed an orc knight
  7561 | D:7      | Noticed an orc knight
  8076 | D:8      | Reached **** piety under Sif Muna
  8080 | D:8      | Found a bloodstained altar of Trog.
  8109 | D:8      | Noticed Prince Ribbit
  8383 | D:8      | Reached skill level 11 in Spellcasting
  8567 | D:8      | Found an opulent altar of Gozag.
  8569 | D:8      | Found Gozag's Platinum Reserve.
  8613 | D:8      | Reached ***** piety under Sif Muna
  8857 | D:9      | Gained mutation: Your system is resistant to poisons. [potion of beneficial mutation]
  8858 | D:9      | Gained mutation: You possess an exceptional clarity of mind. [potion of beneficial mutation]
  9016 | D:9      | Found a staircase to the Orcish Mines.
  9018 | D:9      | Noticed Pikel
  9024 | D:9      | Killed Pikel
  9024 | D:9      | Reached skill level 10 in Fire Magic
  9251 | D:9      | Noticed Joseph
  9259 | D:9      | Killed Joseph
  9624 | D:9      | Reached skill level 12 in Spellcasting
  9771 | D:9      | Found a glowing silver altar of Zin.
  9834 | D:9      | Noticed Erica
  9847 | D:9      | Killed Erica
  9847 | D:9      | Reached XP level 11. HP: 54/54 MP: 8/29
 10133 | D:8      | Reached skill level 10 in Conjurations
 10239 | D:8      | Reached ****** piety under Sif Muna
 10239 | D:8      | Received a gift from Sif Muna
 10241 | D:8      | Identified Sif Muna's Volume of Supportive Attacks (Sif Muna gifted it to you on level 8 of the Dungeon)
 10249 | D:8      | Learned a level 6 spell: Bolt of Fire
 10260 | D:8      | Killed Prince Ribbit
 10482 | D:8      | Found a staircase to the Lair.
 10867 | Lair:1   | Entered Level 1 of the Lair of Beasts
 11155 | Lair:1   | Reached skill level 1 in Fighting
 11867 | Lair:1   | Learned a level 3 spell: Inner Flame
 11965 | Lair:1   | Reached skill level 13 in Spellcasting
 12399 | Lair:2   | Found a frozen archway.
 12446 | IceCv    | Entered an ice cave
 12800 | IceCv    | Noticed an ice dragon
 12801 | IceCv    | Noticed an ice dragon
 12812 | IceCv    | Killed an ice dragon
 12825 | IceCv    | Killed an ice dragon
 12825 | IceCv    | Reached XP level 12. HP: 18/64 MP: 4/31
 13288 | Lair:2   | Received a gift from Sif Muna
 13293 | Lair:2   | Identified Sif Muna's Catalogue of Confrontation (Sif Muna gifted it to you on level 2 of the Lair of Beasts)
 13808 | Lair:2   | Reached skill level 1 in Invocations
 13906 | Lair:2   | Learned a level 3 spell: Stone Arrow
 13912 | Lair:2   | Learned a level 5 spell: Lightning Bolt
 14395 | Lair:2   | Got an iridescent spear
 14397 | Lair:2   | Identified the +6 spear of Greed {pierce, MR+} (You found it on level 2 of the Lair of Beasts)
 14569 | Lair:3   | Found a staircase to the Swamp.
 14669 | Lair:3   | Reached skill level 1 in Air Magic
 14784 | Lair:3   | Reached skill level 10 in Dodging
 14786 | Lair:3   | Reached skill level 1 in Earth Magic
 15916 | Lair:4   | Reached skill level 14 in Spellcasting
 16054 | Lair:4   | Noticed an eight-headed hydra
 16059 | Lair:4   | Killed an eight-headed hydra
 16389 | Lair:4   | Noticed a five-headed hydra
 16411 | Lair:4   | Killed a five-headed hydra
 17535 | Lair:5   | Reached XP level 13. HP: 70/70 MP: 24/33
 17672 | Lair:5   | Noticed a catoblepas
 17709 | Lair:5   | Killed a catoblepas
 18442 | Lair:5   | Reached skill level 5 in Fighting
 18466 | Lair:5   | Noticed a four-headed hydra
 18505 | Lair:5   | Killed a four-headed hydra
 19083 | Lair:5   | Got a dazzling rapier
 19084 | Lair:5   | Identified the +4 rapier of Luxury {pierce, Int+4} (You found it on level 5 of the Lair of Beasts)
 19665 | Lair:6   | Got a fine wooden ring
 19706 | Lair:6   | Found a staircase to the Slime Pits.
 19786 | Lair:6   | Found a staircase to the Snake Pit.
 21603 | Lair:7   | Reached XP level 14. HP: 87/87 MP: 8/34
 21788 | Lair:7   | Reached skill level 10 in Fighting
 21880 | Lair:7   | Received a gift from Sif Muna
 21882 | Lair:7   | Identified Sif Muna's Grimoire of Flying Confrontation (Sif Muna gifted it to you on level 7 of the Lair of Beasts)
 22703 | Lair:7   | Learned a level 1 spell: Summon Butterflies
 23803 | Lair:8   | Entered Level 8 of the Lair of Beasts
 23836 | Lair:8   | Noticed pedritolo's ghost (journeyman VSTm)
 24207 | Lair:8   | Killed pedritolo's ghost
 24646 | Lair:8   | Reached skill level 15 in Spellcasting
 24959 | Lair:8   | Identified the ring of Scepticism {rC+++ Str-2 Int+2 SInv Stlth+} (You found it on level 6 of the Lair of Beasts)
 25665 | Lair:8   | Reached skill level 5 in Earth Magic
 25893 | Lair:8   | Reached XP level 15. HP: 81/93 MP: 12/36
 26220 | Lair:8   | Reached skill level 5 in Invocations
 26480 | Lair:8   | Received a gift from Sif Muna
 26480 | Lair:8   | Reached skill level 5 in Air Magic
 26482 | Lair:8   | Identified Sif Muna's Grimoire of Arcane Weapons (Sif Muna gifted it to you on level 8 of the Lair of Beasts)
 26511 | Lair:8   | Learned a level 6 spell: Iron Shot
 28925 | Orc:1    | Entered Level 1 of the Orcish Mines
 29135 | Orc:1    | Noticed Fannar
 29138 | Orc:1    | Killed Fannar
 29138 | Orc:1    | Reached skill level 1 in Evocations
 29139 | Orc:1    | Found a roughly hewn altar of Beogh.
 31098 | Orc:4    | Entered Level 4 of the Orcish Mines
 31098 | Orc:4    | Found a staircase to the Elven Halls.
 31333 | Orc:4    | Found a runed door.
 33629 | Orc:4    | Found Qoerirhu's Antique Weapon Shoppe.
 33629 | Orc:4    | Found Izater's Jewellery Shoppe.
 33630 | Orc:4    | Found Faycwoige's Magic Scroll Shoppe.
 33630 | Orc:4    | Found Noluuk's Book Emporium.
 33638 | Orc:4    | Bought a scroll of fear for 49 gold pieces
 33638 | Orc:4    | Bought a scroll of teleportation for 42 gold pieces
 33638 | Orc:4    | Bought a scroll of fog for 28 gold pieces
 33641 | Orc:4    | Bought a cursed ring of loudness for 63 gold pieces
 33932 | Orc:4    | Found a roughly hewn altar of Beogh.
 34202 | Swamp:1  | Entered Level 1 of the Swamp
 35048 | Swamp:1  | Reached XP level 16. HP: 99/99 MP: 11/37
 35097 | Swamp:1  | Received a gift from Sif Muna
 35105 | Swamp:1  | Learned a level 5 spell: Iskenderun's Battlesphere
 36297 | Swamp:2  | Noticed Kirke
 36307 | Swamp:2  | Killed Kirke
 37423 | Swamp:3  | Reached skill level 16 in Spellcasting
 38715 | Swamp:4  | Entered Level 4 of the Swamp
 39279 | Swamp:4  | Received a gift from Sif Muna
 39439 | Swamp:4  | Noticed the 27-headed Lernaean hydra
 40006 | Swamp:4  | Reached skill level 5 in Evocations
 40290 | Swamp:4  | Killed the 27-headed Lernaean hydra
 40711 | Swamp:3  | Reached XP level 17. HP: 84/104 MP: 0/39
 41681 | Swamp:4  | Identified Sif Muna's Incunabulum of Attacks and Ignition (Sif Muna gifted it to you on level 4 of the Swamp)
 41690 | Swamp:4  | Learned a level 7 spell: Delayed Fireball
 42039 | Swamp:4  | Identified a scroll of acquirement
 42083 | Swamp:4  | Got a decaying rune of Zot
 42812 | D:9      | Noticed Charly's ghost (amateur HOGl)
 42815 | D:9      | Killed Charly's ghost
 42844 | D:9      | Learned a level 7 spell: Orb of Destruction
 42865 | D:10     | Entered Level 10 of the Dungeon
 43779 | D:11     | Reached skill level 17 in Spellcasting
 44314 | D:11     | Found Enu Cuqa's Armour Shop.
 44862 | D:12     | Identified a +4 rod of clouds (12/12) (You acquired it on level 12 of the Dungeon)
 45349 | D:13     | Found a gate to the Vaults.
 45349 | D:13     | Noticed Donald
 45349 | D:13     | Noticed Rupert
 45899 | D:13     | Received a gift from Sif Muna
 45901 | D:13     | Identified Sif Muna's Handbook of Stones (Sif Muna gifted it to you on level 13 of the Dungeon)
 45951 | D:13     | Killed Rupert
 46148 | D:13     | Killed Donald
 46300 | D:13     | Reached skill level 10 in Earth Magic
 46674 | D:13     | Found a shimmering altar of Xom.
 47535 | D:15     | Entered Level 15 of the Dungeon
 48292 | D:15     | Reached XP level 18. HP: 87/111 MP: 36/41
 48478 | D:15     | Found a staircase to the Depths.
 48544 | D:15     | Noticed Roxanne
 48550 | D:15     | Killed Roxanne
 49077 | Snake:1  | Entered Level 1 of the Snake Pit
 49151 | Snake:1  | Reached skill level 18 in Spellcasting
 49483 | Snake:1  | Killed from afar by a shock serpent

Action                   |  1- 3 |  4- 6 |  7- 9 | 10-12 | 13-15 | 16-18 || total
-------------------------+-------+-------+-------+-------+-------+-------++-------
Melee: Unarmed           |     1 |    16 |       |       |       |       ||    17
       Flail             |       |     4 |    22 |   238 |       |       ||   264
       Spear             |       |       |       |    53 |    44 |    70 ||   167
       Shillelagh        |       |       |       |       |     5 |       ||     5
       Staff             |       |       |       |       |       |    12 ||    12
 Cast: Flame Tongue      |    62 |   151 |   214 |   361 |   106 |     4 ||   898
       Throw Flame       |       |    20 |    36 |    96 |    67 |     2 ||   221
       Fireball          |       |       |    15 |    61 |   186 |   249 ||   511
       Conjure Flame     |       |       |     3 |    21 |     7 |     1 ||    32
       Sticky Flame      |       |       |    13 |    24 |    17 |     4 ||    58
       Inner Flame       |       |       |       |     9 |       |       ||     9
       Bolt of Fire      |       |       |       |    17 |     5 |       ||    22
       Stone Arrow       |       |       |       |    19 |   503 |   317 ||   839
       Lightning Bolt    |       |       |       |    10 |   100 |    31 ||   141
       Iron Shot         |       |       |       |       |    57 |    76 ||   133
       Iskenderun's Batt |       |       |       |       |       |     7 ||     7
       Orb of Destructio |       |       |       |       |       |    25 ||    25
       Summon Butterflie |       |       |       |       |       |     1 ||     1
Invok: Channel Energy    |       |       |       |     7 |    72 |    24 ||   103
       Forget Spell      |       |       |       |       |     1 |       ||     1
 Abil: Evoke Flight      |       |       |       |       |     5 |    10 ||    15
Evoke: Wand              |       |       |       |       |     1 |     2 ||     3
       Phial of floods   |       |       |       |       |       |     1 ||     1
  Use: Scroll            |       |     6 |    10 |    13 |     4 |    10 ||    43
       Potion            |       |       |     2 |     2 |       |     2 ||     6
 Stab: Sleeping          |       |     2 |       |     1 |       |       ||     3
  Eat: Chunk             |     1 |     7 |    14 |    38 |    58 |    36 ||   154
       Fruit             |       |       |     1 |       |     3 |       ||     4
       Pizza             |       |       |       |     3 |       |       ||     3
       Beef jerky        |       |       |       |       |     3 |    10 ||    13
       Meat ration       |       |       |       |       |     1 |     1 ||     2
